 Dungeon Crawl Stone Soup version 0.24.0-41-g2ae2f7f1be (webtiles) character file.

Game seed: 8679428430103721203, levelgen mode: deterministic

44 FishyPogo the Charmwright (level 3, 0/31 HPs)
             Began as a Gnoll Skald on Dec 14, 2019.
             Was a Plaything of Xom.
             Shot with an arrow by a centaur (5 damage)
             ... on level 2 of the Dungeon.
             The game lasted 00:03:13 (1260 turns).

FishyPogo the Charmwright (Gnoll Skald)             Turns: 1260, Time: 00:03:14

Health: 0/31       AC:  4    Str: 10 (13) XL:     3   Next: 62%
Magic:  6/9        EV: 14    Int: 18 (20) God:    Xom [....*.]
Gold:   65         SH:  0    Dex: 14 (15) Spells: 1/12 levels left

rFire    . . .     SeeInvis .   a - +0 hand axe
rCold    . . .     Gourm    .   (no shield)
rNeg     . . .     Faith    .   b - +0 leather armour
rPois    .         Spirit   .   (no helmet)
rElec    .         Reflect  .   l - +0 cloak
rCorr    .         Harm     .   (no gloves)
MR       .....                  (no boots)
Stlth    +.........             (no amulet)
HPRegen  0.10/turn              (no ring)
MPRegen  0.11/turn              (no ring)

@: brilliant, shrouded, infused
A: distributed training, fangs 1, strong nose
a: Renounce Religion


You were on level 2 of the Dungeon.
You worshipped Xom.
You were a beloved toy of Xom.
You were hungry.

You visited 1 branch of the dungeon, and saw 2 of its levels.

You collected 65 gold pieces.

Inventory:

Hand Weapons
 a - a +0 hand axe (weapon)
Missiles
 f - 28 stones (quivered)
 k - 5 datura-tipped darts
Armour
 b - a +0 leather armour (worn)
 l - a +0 cloak (worn)
Scrolls
 c - a scroll of enchant armour {unknown}
 g - 2 scrolls of teleportation {unknown}
 j - a scroll of identify {unknown}
Potions
 e - a potion of heal wounds {unknown}
Comestibles
 d - 5 rations


   Skills:
 + Level 4.5 Fighting
 + Level 0.8 Short Blades
 + Level 0.8 Long Blades
 + Level 4.5 Axes
 + Level 0.8 Maces & Flails
 + Level 0.8 Polearms
 + Level 0.8 Staves
 + Level 0.8 Slings
 + Level 0.8 Bows
 + Level 0.8 Crossbows
 + Level 0.8 Throwing
 + Level 2.6 Armour
 + Level 4.5 Dodging
 + Level 0.8 Stealth
 + Level 0.8 Shields
 + Level 0.8 Unarmed Combat
 + Level 5.0 Spellcasting
 + Level 0.5 Conjurations
 + Level 0.5 Hexes
 + Level 5.4 Charms
 + Level 0.5 Summonings
 + Level 0.5 Necromancy
 + Level 0.5 Translocations
 + Level 0.5 Transmutations
 + Level 0.5 Fire Magic
 + Level 0.5 Ice Magic
 + Level 0.5 Air Magic
 + Level 0.5 Earth Magic
 + Level 0.5 Poison Magic
 + Level 1.0 Invocations
 + Level 0.8 Evocations


You had one spell level left.
You knew the following spells:

 Your Spells              Type           Power        Failure   Level  Hunger
h - Regeneration          Chrm/Necr      ####......   1%          3    ##.....
n - Spectral Weapon       Hex/Chrm       ####....     1%          3    ##.....
p - Shroud of Golubria    Chrm/Tloc      ####..       1%          2    #......
u - Song of Slaying       Chrm           ####....     1%          2    #......
y - Infusion              Chrm           ####         1%          1    None

Your spell library contained the following spells:

 Spells                   Type           Power        Failure   Level  Hunger


Dungeon Overview and Level Annotations

Branches:
Dungeon (2/15)

Altars:
Ashenzari
Hepliaklqana
Xom
Yredelemnul


Innate Abilities, Weirdness & Mutations

Your experience applies equally to all skills.
You have very sharp teeth.
Your uncanny sense of smell can sniff out nearby items.


Message History

Space distorts slightly along a thin shroud covering your body.
The centaur shoots an arrow.
The arrow hits you!
The centaur shoots an arrow.
The arrow hits you.
Xom calls forth mighty explosions.
The fireball engulfs the centaur!
You are now a beloved toy of Xom.
The centaur shoots an arrow.
The arrow hits you!
* * * LOW HITPOINT WARNING * * *
A shower of butterflies erupts from you!
You see here an arrow.
It was a potion of brilliance.
You feel clever all of a sudden.
You are feeling hungry.
You are too injured to fight recklessly!
It was a potion of degeneration.
There was something very wrong with that liquid.
You feel weakened.
You feel dopey.
You feel clumsy.
Xom is amused.
Xom thinks this is hilarious!
The centaur shoots an arrow.
The arrow hits you.
You die...

#########
##.......#
#........#
#........########
##...............#
.....c.@b(######.#
# # ##........#
#.# #.###
#......b..#
####.###....
##........#
#........###
##.#######
#.##.##..... #.
####.##.##..### #
#.......## # #
##+#
#.##.#####..###
##...## #.##.#
#.....


You could see a centaur.

Vanquished Creatures
  An adder (D:2)
  2 dart slugs
  A ball python (D:2)
  2 giant cockroaches
  A goblin (D:1)
  4 hobgoblins
  7 bats
  4 frilled lizards
  7 kobolds
  5 rats
34 creatures vanquished.

Notes
Turn   | Place    | Note
-------+----------+-------------------------------------------
     0 | D:1      | FishyPogo the Gnoll Skald began the quest for the Orb.
     0 | D:1      | Reached XP level 1. HP: 20/20 MP: 6/6
    80 | D:1      | Reached XP level 2. HP: 23/26 MP: 7/7
    84 | D:1      | Learned a level 2 spell: Song of Slaying
    87 | D:1      | Learned a level 2 spell: Shroud of Golubria
   581 | D:1      | Reached XP level 3. HP: 31/31 MP: 9/9
   586 | D:1      | Learned a level 3 spell: Regeneration
   590 | D:1      | Learned a level 3 spell: Spectral Weapon
   772 | D:2      | Reached skill level 5 in Spellcasting
   891 | D:2      | Reached skill level 1 in Invocations
   928 | D:2      | Found a shattered altar of Ashenzari.
   932 | D:2      | Found a shimmering altar of Xom.
   932 | D:2      | Found a hazy altar of Hepliaklqana.
   932 | D:2      | Found a basalt altar of Yredelemnul.
   942 | D:2      | Became a worshipper of Xom of Chaos
  1254 | D:2      | Noticed a centaur
  1258 | D:2      | XOM: destruction
  1258 | D:2      | XOM: butterfly on damage
  1260 | D:2      | Shot with an arrow by a centaur

Levels and vault maps discovered:
D:1:      noname_arrival_rooms_in_the_neighbourhood, layout_loops_cross,
          supply_closet_lemuel
D:2:      layout_loops_corners, grunt_temple_overflow_open

Skill      XL: |  1  2  3 |
---------------+----------+-----
Spellcasting   | 5 |  5.0
Invocations    | 1 |  1.0
Fighting       | |  4.5
Short Blades   | |  0.8
Long Blades    | |  0.8
Axes           | |  4.5
Maces & Flails | |  0.8
Polearms       | |  0.8
Staves         | |  0.8
Slings         | |  0.8
Bows           | |  0.8
Crossbows      | |  0.8
Throwing       | |  0.8
Armour         | |  2.6
Dodging        | |  4.5
Stealth        | |  0.8
Shields        | |  0.8
Unarmed Combat | |  0.8
Conjurations   | |  0.5
Hexes          | |  0.5
Charms         | |  5.4
Summonings     | |  0.5
Necromancy     | |  0.5
Translocations | |  0.5
Transmutations | |  0.5
Fire Magic     | |  0.5
Ice Magic      | |  0.5
Air Magic      | |  0.5
Earth Magic    | |  0.5
Poison Magic   | |  0.5
Evocations     | |  0.8

Action                   || total
-------------------------++-------
Melee: Hand axe          ||    81
       Bite              ||    11
 Cast: Song of Slaying   ||     3
       Infusion          ||     2
       Shroud of Golubri ||     2
       Spectral Weapon   ||     2
  Use: Potion            ||     2
 Stab: Sleeping          ||     2
  Eat: Chunk             ||     1
Armor: Leather armour    ||    22
Dodge: Dodged            ||    49
